 Dungeon Crawl Stone Soup version 0.17-a0-1411-g06ff558 (webtiles) character file.

60 WellDressedCM the Insei (level 3, -1/29 HPs)
             Began as a Vampire Monk on June 23, 2015.
             Slain by Crazy Yiuf
             ... wielding a +3 quarterstaff of chaos
              (7 damage)
             ... on level 2 of the Dungeon.
             The game lasted 00:20:55 (1197 turns).

WellDressedCM the Insei (Vampire Monk)              Turns: 1197, Time: 00:20:56

Health: -1/29      AC:  2    Str: 12    XL:     3   Next: 82%
Magic:  3/3        EV: 14    Int: 12    God:
Gold:   16         SH:  0    Dex: 17    Spells: 0 memorised, 2 levels left

rFire  . . .     SeeInvis +       - Unarmed
rCold  . . .     Clarity  .     a - +0 robe
rNeg   + . .     SustAt   .     (no shield)
rPois  .         Gourm    .     (no helmet)
rElec  .         Spirit   .     (no cloak)
rCorr  .         Warding  .     (no gloves)
rMut   .         Stasis   .     (no boots)
MR     .....                    (no amulet)
Stlth  +.........               (no ring)
                                (no ring)

@: confused, not resistant to hostile enchantments, very unstealthy
A: fangs 3, see invisible, strong 1, unbreathing
a: Bat Form


You were on level 2 of the Dungeon.
You were not thirsty.

You visited 1 branch of the dungeon, and saw 2 of its levels.

You collected 16 gold pieces.

Inventory:

Hand weapons
 d - a +2 hunting sling of flaming
 g - a +0 dagger
Missiles
 c - 65 stones (quivered)
Armour
 a - a +0 robe (worn)
Magical devices
 f - a wand of random effects (15)
Scrolls
 e - a scroll of enchant armour {unknown}
Potions
 b - 15 potions of blood


   Skills:
 + Level 3.1 Fighting
 + Level 3.8 Dodging
 + Level 3.9 Stealth
 * Level 5.0 Unarmed Combat


You had 2 spell levels left.
You didn't know any spells.

Dungeon Overview and Level Annotations

Branches:
Dungeon (2/15)

Altars:
Ru

Annotations:
D:2 Crazy Yiuf


Innate Abilities, Weirdness & Mutations

You have razor-sharp teeth.
You have supernaturally acute eyesight.
You can survive without breathing.
Your muscles are strong. (Str +2)


Message History

You resist with some effort.
You bump into the stone wall.
Crazy Yiuf zaps a wand.
You resist with some effort.
You bump into the stone wall.
Crazy Yiuf zaps a wand.
You are more confused.
You bump into the stone wall.
Crazy Yiuf zaps a wand.
You are more confused.
Crazy Yiuf zaps a wand.
You resist with some effort.
You completely miss Crazy Yiuf.
Crazy Yiuf is severely wounded.
Crazy Yiuf zaps a wand.
You are more confused.
You hit Crazy Yiuf but do no damage.
Crazy Yiuf is severely wounded.
Crazy Yiuf hits you with a quarterstaff of chaos.
You convulse.
* * * LOW HITPOINT WARNING * * *
You bump into the stone wall.
Crazy Yiuf hits you with a quarterstaff of chaos!
You die...

##.## ##.....#.#
♣.....♣....... #.#
#....##.###.....####.###
#.#
#...#.....♣.♣.♣.♣....#
#.#
##.###......(#.####.##
#.### ...# ###########
#.# ##...## #...# #.#
....%.#.#.#.# #######.##
###.#.......#
########.#.).#..#
....#.#.#..##
#.@.##..#...)...#
............#
#.g...####.)....#
#..##.#.#... #)..###
##P.#.## ......#.##.##
##### ######
............#
.....##.##.##
.....##.##.####
.....##.......#
.....#####.####


You could see Crazy Yiuf.

Vanquished Creatures
  A gnoll (D:1)
  An adder (D:2)
  An ooze (D:1)
  4 giant cockroaches
  A hobgoblin (D:1)
  3 jackals (D:2)
  4 kobolds
  A quokka (D:2)
  A ball python (D:1)
  3 bats
  4 giant newts
  6 goblins
  10 rats
40 creatures vanquished.

Notes
Turn   | Place    | Note
--------------------------------------------------------------
     0 | D:1      | WellDressedCM the Vampire Monk began the quest for the Orb.
     0 | D:1      | Reached XP level 1. HP: 17/17 MP: 1/1
   158 | D:1      | Reached XP level 2. HP: 16/23 MP: 2/2
   348 | D:1      | Gained mutation: Your muscles are strong. (Str +2) [potion of beneficial mutation]
   556 | D:1      | Reached XP level 3. HP: 21/29 MP: 3/3
   825 | D:2      | Reached skill level 5 in Unarmed Combat
   846 | D:2      | Found a sacrificial altar of Ru.
  1166 | D:2      | Noticed Crazy Yiuf
  1197 | D:2      | Slain by Crazy Yiuf

Vault maps used:
D:1:      minmay_arrival_nine_rooms, st_stairs_14
D:2:      serial_forest, infiniplex_forest_clump_tiny,
          infiniplex_forest_clump_curved, infiniplex_forest_clump_medium,
          infiniplex_forest_lined_corner, infiniplex_forest_lined_room_2,
          infiniplex_forest_straight_1, infiniplex_forest_pool, first_bread,
          nicolae_ru_path_of_blood, uniq_crazy_yiuf_cottage

Action                   || total
-------------------------++-------
Melee: Unarmed           ||   131
 Fire: Hunting sling     ||     1
Evoke: Wand              ||     1
  Use: Scroll            ||     5
       Potion            ||     6
 Stab: Sleeping          ||     7
       Distracted        ||     2
